 Dungeon Crawl Stone Soup version 0.22.1-1-ga44c0e5 (webtiles) character file.

488 Kagorn the Skirmisher (level 7, 0/114 HPs)
             Began as an Ogre Berserker on Oct 15, 2018.
             Was a Priest of Trog.
             Slain by a gnoll
             ... wielding a cursed -3 spear
              (7 damage)
             ... on level 5 of the Dungeon.
             The game lasted 00:27:03 (4793 turns).

Kagorn the Skirmisher (Ogre Berserker)              Turns: 4793, Time: 00:27:03

Health: 0/114      AC:  3    Str: 29    XL:     7   Next: 13%
Magic:  7/7        EV: 11    Int:  8    God:    Trog [***...]
Gold:   284        SH:  0    Dex:  8    Spells: 6/6 levels left

rFire    . . .     SeeInvis .   x - -3 war axe (curse)
rCold    . . .     Gourm    .   (no shield)
rNeg     . . .     Faith    .   z - +0 robe
rPois    .         Spirit   .   (helmet restricted)
rElec    .         Reflect  .   (no cloak)
rCorr    +         Harm     .   (gloves unavailable)
MR       ++...                  (boots unavailable)
Stlth    ..........             u - amulet of inaccuracy (curse)
HPRegen  1.29/turn              o - ring of resist corrosion
MPRegen  0.10/turn              (no ring)

@: berserking, regenerating, very quick
A: large, unfitting armour, tough skin 1
a: Berserk, Trog's Hand, Renounce Religion


You were on level 5 of the Dungeon.
You worshipped Trog.
Trog was most pleased with you.
You were very hungry.

You visited 1 branch of the dungeon, and saw 5 of its levels.
You also visited: Sewer.

You collected 284 gold pieces.

Inventory:

Hand Weapons
 a - a +0 mace
 p - a +2 hand axe of chopping
 v - a +0 dagger of venom
 x - a cursed -3 war axe (weapon)
 y - a +0 war axe
Missiles
 r - a large rock (quivered)
Armour
 b - a +0 animal skin
 t - a +0 robe
 w - a +0 robe
 z - a +0 robe (worn)
Magical Staves
 f - an uncursed staff of fire {unknown}
Jewellery
 h - an uncursed ring of positive energy
 i - a +3 amulet of reflection
 o - a ring of resist corrosion (left hand)
 u - a cursed amulet of inaccuracy (around neck)
Wands
 k - a wand of disintegration (12)
Scrolls
 e - 4 scrolls of identify
 g - a scroll of magic mapping
 j - 6 scrolls of teleportation
 m - 4 scrolls of blinking
 s - a scroll of immolation
Potions
 l - a potion of curing
 n - 3 potions of degeneration {unknown}
 q - 2 potions of might {unknown}
Comestibles
 c - 4 rations


   Skills:
 * Level 6.6 Fighting
 * Level 3.0(3.9) Axes
 - Level 3.4(3.9) Maces & Flails
 + Level 1.3 Throwing
 * Level 4.5 Dodging


You had 6 spell levels left.
You didn't know any spells.
Your spell library was empty.

Dungeon Overview and Level Annotations

Branches:
Dungeon (5/15)             Temple (0/1) D:4

Altars:
Qazlal
Yredelemnul


Innate Abilities, Weirdness & Mutations

You are too large for most types of armour.
You have tough skin. (AC +1)


Message History

The gnoll barely misses you. The gnoll hits you but does no damage.
A red film seems to cover your vision as you go berserk!
You feel yourself moving faster!
You feel mighty!
You are feeling very hungry.
The gnoll barely misses you. The gnoll closely misses you. x2
You miss the gnoll.
The gnoll is heavily wounded.
The gnoll closely misses you. The gnoll barely misses you.
The gnoll hits you from afar with an enchanted spear!
* * * LOW HITPOINT WARNING * * *
You closely miss the gnoll.
The gnoll is heavily wounded.
The gnoll hits you from afar with a spear!
* * * LOW HITPOINT WARNING * * *
The gnoll barely misses you. The gnoll misses you.
You slash the gnoll!
You kill the gnoll!
Trog accepts your kill.
The gnoll hits you with an enchanted spear!
You die...

#.. ## ####.... .#
#....... .# ......# .##
#.... .. .#.##... .#
.......####g# #..g.@.# #.#
..#######.###### #.#
#.[.......## #.#
##...####...## #.###
#.....##.....## #...#
..............## ##.#.#
......>..(....####....####
..............'........<.#
..##.........##.#....##.#


You could see 2 gnolls.

Vanquished Creatures
  2 orc priests (D:4)
  A hound (D:3)
  3 orc wizards (D:4)
  An iguana (D:4)
  A worker ant (D:4)
  A gnoll (D:5)
  15 adders
  An ooze (D:4)
  3 worms
  A dart slug (D:1)
  A leopard gecko (D:4)
  6 orcs
  5 giant cockroaches
  12 goblins
  12 hobgoblins
  18 jackals
  6 kobolds
  2 quokkas (D:3)
  2 ball pythons
  8 bats
  8 frilled lizards
  6 rats
  15 plants (Sewer)
130 creatures vanquished.

Vanquished Creatures (others)
  An orc wizard (D:4)
1 creature vanquished.

Grand Total: 131 creatures vanquished

Notes
Turn   | Place    | Note
-------+----------+-------------------------------------------
     0 | D:1      | Kagorn the Ogre Berserker began the quest for the Orb.
     0 | D:1      | Reached XP level 1. HP: 24/24 MP: 1/1
   146 | D:1      | Reached XP level 2. HP: 25/32 MP: 2/2
   370 | D:1      | Reached ** piety under Trog
   370 | D:1      | Reached XP level 3. HP: 35/40 MP: 3/3
  1293 | D:2      | Reached XP level 4. HP: 34/49 MP: 4/4
  1493 | D:2      | Reached skill level 5 in Fighting
  1946 | D:3      | Reached skill level 1 in Axes
  1946 | D:3      | Reached XP level 5. HP: 29/57 MP: 5/5
  2132 | D:3      | Found a glowing drain.
  2142 | Sewer    | Entered a sewer
  2346 | Sewer    | Reached *** piety under Trog
  2790 | D:3      | Reached XP level 6. HP: 16/67 MP: 6/6
  3095 | D:3      | Reached skill level 6 in Fighting
  3352 | D:4      | Found a stormy altar of Qazlal.
  3741 | D:4      | Found a basalt altar of Yredelemnul.
  3765 | D:4      | Reached skill level 1 in Throwing
  3986 | D:4      | Reached XP level 7. HP: 69/76 MP: 7/7
  4063 | D:4      | Found a staircase to the Ecumenical Temple.
  4582 | D:5      | Entered Level 5 of the Dungeon
  4791 | D:5      | HP: 5/114 [gnoll/spear (8)]
  4793 | D:5      | Slain by a gnoll

Skill      XL: |  1  2  3  4  5  6  7 |
---------------+----------------------+-----
Dodging        | 3 4 |  4.5
Maces & Flails | 3 |  3.4
Fighting       | 5 6 |  6.6
Axes           | 1 2 3 |  3.0
Throwing       | 1 |  1.3

Action                   |  1- 3 |  4- 6 |  7- 9 || total
-------------------------+-------+-------+-------++-------
Melee: Mace              |   127 |    18 |       ||   145
       Hand axe          |       |   364 |       ||   364
       War axe           |       |    27 |    67 ||    94
Invok: Trog's Hand       |     1 |     4 |     2 ||     7
       Berserk           |     1 |     1 |     2 ||     4
  Use: Scroll            |       |     9 |     2 ||    11
       Potion            |       |     4 |       ||     4
  Eat: Chunk             |     2 |     6 |     1 ||     9
       Ration            |     1 |     1 |     1 ||     3
Armor: Animal skin       |    68 |    50 |       ||   118
       Robe              |       |     2 |    12 ||    14
Dodge: Dodged            |   115 |   132 |    57 ||   304
Block: Other             |     8 |    34 |     2 ||    44
